TOP OF THE 1ST |
Washington Nationals batting - Pitching for New York Mets : RHP Jeff Jank
|
Pitching: RHP Jeff Jank
|
|
Batting: SHB Mark Rennie
|
0-0: Foul Ball, location: 2F 0-1: SINGLE (Line Drive, 78S, EV 106.9 MPH)
|
Batting: RHB Dave Vargas
|
0-0: Ball 1-0: Ball 2-0: Foul Ball, location: 2F 2-1: Sac Bunt to 3S - play at first, batter OUT! 3-4 Mark Rennie to second
|
Batting: LHB Seth Cook
|
0-0: Ball 1-0: Ball 2-0: SINGLE (Line Drive, 56D, EV 93.8 MPH) Mark Rennie to third
|
Batting: RHB John Sanders
|
0-0: Ball 1-0: Foul Ball, location: 2F 1-1: Swinging Strike 1-2: Strikes out looking
|
Batting: SHB Tze-meng Gan
|
0-0: Ball 1-0: Foul Ball, location: 2F 1-1: Called Strike 1-2: Ball 2-2: Ball 3-2: Ground out 4-3 (Groundball, 34, EV 87.5 MPH)
|
Top of the 1st over - 0 runs, 2 hits, 0 errors, 2 left on base; Washington 0 - New York 0 |
BOTTOM OF THE 1ST |
New York Mets batting - Pitching for Washington Nationals : RHP Jason Cheek
|
Pitching: RHP Jason Cheek
|
|
Batting: LHB Kevin Bellman
|
0-0: Foul Ball, location: 2F 0-1: Called Strike 0-2: Ball 1-2: Ball 2-2: Ball 3-2: Base on Balls
|
Batting: SHB Nelle van den Berg
|
0-0: Ball Kevin Bellman steals 2nd base (no throw) 1-0: Called Strike 1-1: Ground out 3-1 (Groundball, 34S, EV 77.5 MPH) Kevin Bellman to third
|
Batting: SHB Sean Cook
|
0-0: Ball 1-0: Foul Ball, location: 2F 1-1: Called Strike 1-2: Ball 2-2: Ball 3-2: SINGLE (Groundball, 4MS, EV 73.8 MPH) (infield hit) Kevin Bellman scores
|
Batting: SHB Roberto Magne
|
0-0: Fly out, F9 (Line Drive, 9, EV 98.1 MPH)
|
Batting: SHB Pete Barutha
|
0-0: Ball 1-0: Foul Ball, location: 2F 1-1: Ball 2-1: Swinging Strike 2-2: Strikes out swinging
|
Bottom of the 1st over - 1 run, 1 hit, 0 errors, 1 left on base; Washington 0 - New York 1 |
TOP OF THE 2ND |
Washington Nationals batting - Pitching for New York Mets : RHP Jeff Jank
|
Batting: LHB Emmanuel Gaskin
|
0-0: SINGLE (Line Drive, 89S, EV 101.2 MPH)
|
Batting: LHB Bi-jun Chien
|
0-0: Called Strike 0-1: Ball 1-1: Called Strike 1-2: Ball 2-2: DOUBLE (Line Drive, 8RXD, EV 105.6 MPH) Emmanuel Gaskin to third Emmanuel Gaskin scores
|
Batting: RHB Darren McCarty Jr.
|
0-0: Ball 1-0: Called Strike Bi-jun Chien steals 3rd base 1-1: DOUBLE (Groundball, 3L, EV 95.0 MPH) Bi-jun Chien scores
|
Batting: LHB Bob Melley
|
0-0: Called Strike 0-1: Ball 1-1: Ball 2-1: Swinging Strike 2-2: Strikes out swinging
|
Batting: SHB Mark Rennie
|
0-0: Swinging Strike 0-1: Ball 1-1: Called Strike 1-2: Foul Ball, location: 2F 1-2: Ball 2-2: Ball 3-2: Ground out 6-3 (Groundball, 6, EV 78.1 MPH) Darren McCarty Jr. to third
|
Batting: RHB Dave Vargas
|
0-0: Called Strike 0-1: Foul Ball, location: 2F 0-2: SINGLE (Flyball, 5D, EV 88.1 MPH) Darren McCarty Jr. scores
|
Batting: LHB Seth Cook
|
0-0: Called Strike 0-1: Ball 1-1: Fielders Choice at 2nd, 6-4 (Groundball, 6, EV 86.9 MPH)
|
Top of the 2nd over - 3 runs, 4 hits, 0 errors, 1 left on base; Washington 3 - New York 1 |
BOTTOM OF THE 2ND |
New York Mets batting - Pitching for Washington Nationals : RHP Jason Cheek
|
Batting: RHB Hiroshige Yamada
|
0-0: SOLO HOME RUN (Flyball, 9LD, EV 90.6 MPH), Distance : 346 ft
|
Batting: RHB Drtian Thaqi
|
0-0: Ground out 6-3 (Groundball, 6, EV 100.0 MPH)
|
Batting: SHB Javy Rosa
|
0-0: Foul Ball, location: 2F 0-1: Ball 1-1: Called Strike 1-2: Ball 2-2: Ball 3-2: Strikes out swinging
|
Batting: RHB Billy Walker
|
0-0: Called Strike 0-1: Foul Ball, location: 2F 0-2: Ball 1-2: Ball 2-2: DOUBLE (Groundball, 5L, EV 110.0 MPH)
|
Batting: LHB Kevin Bellman
|
0-0: Called Strike 0-1: Called Strike 0-2: Ball 1-2: Ground out 6-3 (Groundball, 6, EV 85.0 MPH)
|
Bottom of the 2nd over - 1 run, 2 hits, 0 errors, 1 left on base; Washington 3 - New York 2 |
TOP OF THE 3RD |
Washington Nationals batting - Pitching for New York Mets : RHP Jeff Jank
|
Batting: RHB John Sanders
|
0-0: Ball 1-0: Fly out, F8 (Line Drive, 8LD, EV 84.4 MPH)
|
Batting: SHB Tze-meng Gan
|
0-0: Ground out 6-3 (Groundball, 6, EV 85.0 MPH)
|
Batting: LHB Emmanuel Gaskin
|
0-0: Fly out, F7 (Flyball, 8LM, EV 98.1 MPH)
|
Top of the 3rd over - 0 runs, 0 hits, 0 errors, 0 left on base; Washington 3 - New York 2 |
BOTTOM OF THE 3RD |
New York Mets batting - Pitching for Washington Nationals : RHP Jason Cheek
|
Batting: SHB Nelle van den Berg
|
0-0: Swinging Strike 0-1: Ball 1-1: Called Strike 1-2: Foul Ball, location: 2F 1-2: Strikes out swinging
|
Batting: SHB Sean Cook
|
0-0: Foul Ball, location: 2F 0-1: Foul Ball, location: 2F 0-2: Ball 1-2: Foul Ball, location: 2F 1-2: Ball 2-2: Foul Ball, location: 2F 2-2: Strikes out looking
|
Batting: SHB Roberto Magne
|
0-0: Ball 1-0: Ball 2-0: Fly out, F8 (Flyball, 8LD, EV 83.8 MPH)
|
Bottom of the 3rd over - 0 runs, 0 hits, 0 errors, 0 left on base; Washington 3 - New York 2 |
TOP OF THE 4TH |
Washington Nationals batting - Pitching for New York Mets : RHP Jeff Jank
|
Batting: LHB Bi-jun Chien
|
0-0: Foul Ball, location: 2F 0-1: Ball 1-1: Ball 2-1: Foul Ball, location: 2F 2-2: Ground out U3 (Groundball, 34D, EV 102.5 MPH)
|
Batting: RHB Darren McCarty Jr.
|
0-0: Swinging Strike 0-1: Called Strike 0-2: Ball 1-2: Ball 2-2: Ball 3-2: Strikes out swinging
|
Batting: LHB Bob Melley
|
0-0: Foul Ball, location: 2F 0-1: Fly out, F8 (Flyball, 89S, EV 88.8 MPH)
|
Top of the 4th over - 0 runs, 0 hits, 0 errors, 0 left on base; Washington 3 - New York 2 |
BOTTOM OF THE 4TH |
New York Mets batting - Pitching for Washington Nationals : RHP Jason Cheek
|
Batting: SHB Pete Barutha
|
0-0: DOUBLE (Line Drive, 89D, EV 101.9 MPH)
|
Batting: RHB Hiroshige Yamada
|
0-0: Swinging Strike 0-1: Ball 1-1: Ball 2-1: Ground out 6-3 (Groundball, 6, EV 101.2 MPH)
|
Batting: RHB Drtian Thaqi
|
0-0: Foul Ball, location: 2F 0-1: Called Strike 0-2: Strikes out looking
|
Batting: SHB Javy Rosa
|
0-0: Called Strike 0-1: SINGLE (Line Drive, 8RM, EV 93.8 MPH) Pete Barutha to third Runner from 3rd tries for Home, SAFE, throw by CF to home Javy Rosa to second
|
Batting: RHB Billy Walker
|
0-0: Ball 1-0: Ball 2-0: Called Strike 2-1: Foul Ball, location: 2F 2-2: SINGLE (Line Drive, 78S, EV 111.2 MPH) Javy Rosa to third Runner from 3rd tries for Home, SAFE, throw by LF to home
|
Batting: LHB Kevin Bellman
|
0-0: Ball 1-0: Foul Ball, location: 2F 1-1: Foul Ball, location: 2F 1-2: SINGLE (Line Drive, 8RS, EV 88.1 MPH) Billy Walker to second Runner from 2nd tries for 3rd, SAFE, throw by CF made to third
|
Batting: SHB Nelle van den Berg
|
0-0: Called Strike 0-1: Ball 1-1: Foul Ball, location: 2F 1-2: Fielders Choice at 2nd, 5-4 (Groundball, 56, EV 81.9 MPH)
|
Bottom of the 4th over - 2 runs, 4 hits, 0 errors, 2 left on base; Washington 3 - New York 4 |
TOP OF THE 5TH |
Washington Nationals batting - Pitching for New York Mets : RHP Jeff Jank
|
Batting: SHB Mark Rennie
|
0-0: Called Strike 0-1: Ball 1-1: Foul Ball, location: 2F 1-2: Ball 2-2: Ball 3-2: Foul Ball, location: 2F 3-2: Base on Balls
|
Batting: RHB Dave Vargas
|
0-0: Swinging Strike 0-1: Ball 1-1: Foul Ball, location: 2F 1-2: Ball 2-2: Foul Ball, location: 7LSF, Error on foul ball, E7 2-2: Fly out, F8 (Flyball, 8LXD, EV 81.2 MPH)
|
Batting: LHB Seth Cook
|
0-0: Ball 1-0: Ball 2-0: Foul Ball, location: 2F 2-1: Ball 3-1: Grounds into double play, 5-4-3 (Groundball, 56, EV 79.4 MPH)
|
Top of the 5th over - 0 runs, 0 hits, 1 error, 0 left on base; Washington 3 - New York 4 |
BOTTOM OF THE 5TH |
New York Mets batting - Pitching for Washington Nationals : RHP Jason Cheek
|
Batting: SHB Sean Cook
|
0-0: Ball 1-0: Ball 2-0: Swinging Strike 2-1: Called Strike 2-2: Ball 3-2: SINGLE (Groundball, 56D, EV 80.0 MPH) (infield hit)
|
Batting: SHB Roberto Magne
|
0-0: Called Strike 0-1: Swinging Strike 0-2: Ball 1-2: Foul Ball, location: 2F 1-2: Foul Ball, location: 2F 1-2: Ball 2-2: Grounds into double play, 4-6-3 (Groundball, 4, EV 107.5 MPH)
|
Batting: SHB Pete Barutha
|
0-0: Ball 1-0: Ball 2-0: Ball 3-0: Called Strike 3-1: Foul Ball, location: 2F 3-2: DOUBLE (Line Drive, 7LD, EV 109.4 MPH)
|
Batting: RHB Hiroshige Yamada
|
0-0: Ball 1-0: Ball 2-0: SINGLE (Line Drive, 4MD, EV 105.6 MPH) Pete Barutha to third Runner from 3rd tries for Home, throw by CF and OUT! 8-2
|
Bottom of the 5th over - 0 runs, 3 hits, 0 errors, 1 left on base; Washington 3 - New York 4 |
TOP OF THE 6TH |
Washington Nationals batting - Pitching for New York Mets : RHP Jeff Jank
|
Batting: RHB John Sanders
|
0-0: Swinging Strike 0-1: Ball 1-1: Foul Ball, location: 2F 1-2: Strikes out swinging
|
Batting: SHB Tze-meng Gan
|
0-0: Ball 1-0: Ball 2-0: Foul Ball, location: 2F 2-1: Swinging Strike 2-2: Ground out U3 (Groundball, 34S, EV 70.6 MPH)
|
Batting: LHB Emmanuel Gaskin
|
0-0: Ball 1-0: Called Strike 1-1: Foul Ball, location: 2F 1-2: Strikes out swinging
|
Top of the 6th over - 0 runs, 0 hits, 0 errors, 0 left on base; Washington 3 - New York 4 |
BOTTOM OF THE 6TH |
New York Mets batting - Pitching for Washington Nationals : RHP Jason Cheek
|
Batting: RHB Drtian Thaqi
|
0-0: Ball 1-0: Ball 2-0: Fly out, F2 (Popup, 23F, EV 84.4 MPH)
|
Pitching: RHP Seth Bowersox
|
|
Batting: SHB Javy Rosa
|
0-0: Ground out 6-3 (Groundball, 6M, EV 81.9 MPH)
|
Batting: RHB Billy Walker
|
0-0: Called Strike 0-1: SINGLE (Groundball, 6MD, EV 100.6 MPH)
|
Batting: LHB Kevin Bellman
|
0-0: Swinging Strike 0-1: Ground out 4-3 (Groundball, 4, EV 102.5 MPH)
|
Bottom of the 6th over - 0 runs, 1 hit, 0 errors, 1 left on base; Washington 3 - New York 4 |
TOP OF THE 7TH |
Washington Nationals batting - Pitching for New York Mets : RHP Jeff Jank
|
Batting: LHB Bi-jun Chien
|
0-0: Called Strike 0-1: Fly out, F7 (Flyball, 7D, EV 91.2 MPH)
|
Batting: RHB Darren McCarty Jr.
|
0-0: Ball 1-0: SINGLE (Groundball, 34D, EV 95.0 MPH)
|
Batting: LHB Bob Melley
|
0-0: Ground out 5-3 (Groundball, 56S, EV 87.5 MPH) Darren McCarty Jr. to second
|
Batting: SHB Mark Rennie
|
0-0: Swinging Strike 0-1: Ground out 6-3 (Groundball, 6M, EV 104.4 MPH)
|
Top of the 7th over - 0 runs, 1 hit, 0 errors, 1 left on base; Washington 3 - New York 4 |
BOTTOM OF THE 7TH |
New York Mets batting - Pitching for Washington Nationals : RHP Seth Bowersox
|
Batting: SHB Nelle van den Berg
|
0-0: Hit by Pitch
|
Batting: SHB Sean Cook
|
0-0: Ball 1-0: Ball 2-0: Ball 3-0: Base on Balls Nelle van den Berg to second
|
Batting: SHB Roberto Magne
|
0-0: Ball Nelle van den Berg steals 3rd base Sean Cook to second 1-0: SINGLE (Groundball, 56D, EV 106.9 MPH) Nelle van den Berg scores Sean Cook to third Runner from 3rd tries for Home, throw by LF and OUT! 7-2
|
Batting: SHB Pete Barutha
|
0-0: Ball 1-0: Grounds out, U3 (Groundball, 3L, EV 108.8 MPH)
|
Batting: RHB Hiroshige Yamada
|
0-0: Called Strike 0-1: Foul Ball, location: 2F 0-2: Foul Ball, location: 2F 0-2: Strikes out swinging
|
Bottom of the 7th over - 1 run, 1 hit, 0 errors, 1 left on base; Washington 3 - New York 5 |
TOP OF THE 8TH |
Washington Nationals batting - Pitching for New York Mets : RHP Jeff Jank
|
Pitching: LHP Sam Schrecengost
|
|
Batting: RHB Dave Vargas
|
0-0: Called Strike 0-1: Called Strike 0-2: Strikes out swinging
|
Pinch Hitting: RHB Dan Fallon
|
0-0: Fly out, F8 (Flyball, 8LM, EV 82.5 MPH)
|
Batting: RHB John Sanders
|
0-0: Ball 1-0: Called Strike 1-1: Swinging Strike 1-2: Ball 2-2: Strikes out swinging
|
Top of the 8th over - 0 runs, 0 hits, 0 errors, 0 left on base; Washington 3 - New York 5 |
BOTTOM OF THE 8TH |
New York Mets batting - Pitching for Washington Nationals : RHP Seth Bowersox
|
Now at 1B: Dan Fallon
|
|
Batting: RHB Drtian Thaqi
|
0-0: Ball 1-0: Ball 2-0: Foul Ball, location: 2F 2-1: Ball 3-1: SINGLE (Line Drive, 89S, EV 104.4 MPH)
|
Batting: SHB Javy Rosa
|
0-0: Bunted foul 0-1: Sac Bunt to 13S - play at first, batter OUT! 1-3 Drtian Thaqi to second
|
Batting: RHB Billy Walker
|
0-0: Fly out, F1 (Line Drive, P, EV 68.1 MPH)
|
Batting: LHB Kevin Bellman
|
0-0: Foul Ball, location: 2F 0-1: Ball 1-1: Called Strike 1-2: Ball 2-2: Ball 3-2: Base on Balls
|
Batting: SHB Nelle van den Berg
|
0-0: Ball 1-0: Foul Ball, location: 2F 1-1: Foul Ball, location: 2F 1-2: DOUBLE (Line Drive, 9LM, EV 102.5 MPH) Drtian Thaqi scores Kevin Bellman to third Runner from 3rd tries for Home, SAFE, throw by RF to home
|
Batting: SHB Sean Cook
|
0-0: Intentional Walk
|
Pitching: RHP Lionardo Rabelo
|
|
Batting: SHB Roberto Magne
|
0-0: Ball 1-0: Ball 2-0: Ball 3-0: Called Strike 3-1: Foul Ball, location: 2F 3-2: Strikes out looking
|
Bottom of the 8th over - 2 runs, 2 hits, 0 errors, 2 left on base; Washington 3 - New York 7 |
TOP OF THE 9TH |
Washington Nationals batting - Pitching for New York Mets : LHP Sam Schrecengost
|
Pitching: RHP Robbie Beerbower
|
|
Now in RF: Antonio Aranda
|
|
Batting: SHB Tze-meng Gan
|
0-0: Ball 1-0: Ball 2-0: Ball 3-0: Ground out 3-1 (Groundball, 34D, EV 100.0 MPH)
|
Batting: LHB Emmanuel Gaskin
|
0-0: Ball 1-0: Swinging Strike 1-1: Ground out 4-3 (Groundball, 4, EV 107.5 MPH)
|
Batting: LHB Bi-jun Chien
|
0-0: Ball 1-0: Swinging Strike 1-1: Ball 2-1: Foul Ball, location: 2F 2-2: Fly out, F7 (Flyball, 78S, EV 80.0 MPH)
|
Top of the 9th over - 0 runs, 0 hits, 0 errors, 0 left on base; Washington 3 - New York 7 |
|